 Dungeon Crawl Stone Soup version 0.22-a0-223-g0f5d773 (webtiles) character file.

46180 Gorglomux the Grappler (level 14, -24/146 HPs)
             Began as a Troll Chaos Knight on Feb 18, 2018.
             Was the Champion of Cheibriados.
             Annihilated by a spiny frog (58 damage)
             ... on level 6 of the Lair of Beasts.
             The game lasted 00:25:46 (14266 turns).

Gorglomux the Grappler (Troll Chaos Knight)        Turns: 14266, Time: 00:25:47

Health: -24/146    AC: 13    Str: 39    XL:     14   Next: 3%
Magic:  19/19      EV: 13    Int: 29    God:    Cheibriados [******]
Gold:   569        SH:  0    Dex: 24    Spells: 11/13 levels left

rFire    . . .     SeeInvis .     - Unarmed
rCold    + . .     Gourm    +   H - +0 shield
rNeg     . . .     Faith    +   z - +0 troll leather armour
rPois    +         Spirit   .   C - +1 hat {Int+3}
rElec    .         Reflect  .   X - +2 cloak {+Inv}
rCorr    .         Harm     .   (gloves unavailable)
MR       +++..                  (boots unavailable)
Stlth    ++........             g - amulet of faith
HPRegen  1.14/turn              o - ring of poison resistance
MPRegen  0.16/turn              m - ring of protection from magic

@: sleeping, slowed, very slow
A: large, unfitting armour, claws 3, slimy green scales 1, cold resistance 1,
fast metabolism 3, gourmand, magic resistance 1, mutation resistance 1,
regeneration 1, shaggy fur 1, tough skin 2
a: Bend Time, Temporal Distortion, Slouch, Step From Time, Renounce Religion,
Evoke Invisibility


You were on level 6 of the Lair of Beasts.
You worshipped Cheibriados.
Cheibriados was exalted by your worship.
You were completely stuffed.

You visited 3 branches of the dungeon, and saw 19 of its levels.

You collected 1076 gold pieces.
You spent 507 gold pieces at shops.

Inventory:

Missiles
 Z - 3 throwing nets (quivered)
Armour
 z - a +0 troll leather armour (worn)
 C - a +1 hat of intelligence (worn)
 H - a +0 shield (worn)
 X - a +2 cloak of invisibility (worn)
Jewellery
 g - an amulet of faith (around neck)
 m - a ring of protection from magic (right claw)
 o - a ring of poison resistance (left claw)
 r - an uncursed amulet of regeneration
 w - an uncursed amulet of rage
 V - a +5 ring of evasion
Wands
 A - a wand of acid (5)
 D - a wand of digging (13)
 E - a wand of enslavement (39)
 I - a wand of iceblast (11)
 N - a wand of disintegration (7)
 P - a wand of paralysis (14)
Scrolls
 i - 9 scrolls of remove curse
 n - 5 scrolls of enchant armour
 y - 2 scrolls of immolation {unknown}
 B - 2 scrolls of blinking
 F - a scroll of fog
 L - a scroll of amnesia {unknown}
 M - 4 scrolls of magic mapping
 O - 4 scrolls of summoning
 R - a scroll of identify
 S - 3 scrolls of fear {unknown}
 T - a scroll of teleportation
 W - a scroll of enchant weapon
Potions
 c - 3 potions of might
 d - 4 potions of lignification
 f - 3 potions of magic
 p - a potion of agility
 x - a potion of cancellation
 G - a potion of resistance
 K - a potion of heal wounds
 Q - 4 potions of curing
 U - 4 potions of flight
 Y - 4 potions of brilliance
Comestibles
 b - 40 rations
 J - 4 chunks of flesh


   Skills:
 - Level 11.5 Fighting
 - Level 4.0 Armour
 - Level 4.3 Dodging
 + Level 8.0 Shields
 - Level 13.4 Unarmed Combat
 + Level 8.8 Invocations
 - Level 4.0 Evocations


You had 11 spell levels left.
You knew the following spells:

 Your Spells              Type           Power        Failure   Level  Hunger
d - Blink                 Tloc           N/A          21%         2    ###....


Dungeon Overview and Level Annotations

Branches:
Dungeon (12/15)            Temple (1/1) D:6            Lair (6/6) D:10
  Swamp (0/4) Lair:4       Spider (0/4) Lair:4        Slime (0/5) Lair:6
    Orc (0/2) D:10

Altars:
Ashenzari
Cheibriados
Dithmenos
Elyvilon
Fedhas
Gozag
Hepliaklqana
Kikubaaqudgha
Makhleb
Nemelex Xobeh
Okawaru
Qazlal
Ru
Sif Muna
Trog
Uskayaw
Vehumet
Wu Jian
Xom
Yredelemnul
Zin
The Shining One
Beogh

Shops:
D:10 }   D:11 =

Portals:
Trove: D:10 (give 12 potions of heal wounds)

Annotations:
Lair:3 exclusion: door
Lair:4 exclusion: 2 oklob plants


Innate Abilities, Weirdness & Mutations

You are too large for most types of armour.
You have claws for hands.
Your metabolism is lightning-fast.
You like to eat raw meat.
Your natural rate of healing is unusually fast.
You are covered in fur. (AC +1)
You have very tough skin. (AC +2)
You are partially covered in slimy green scales. (AC +2)
Your flesh is cold resistant. (rC+)
You are resistant to hostile enchantments. (MR+)
You are somewhat resistant to further mutation.


Message History

Unknown command!
As you read the scroll of teleportation, it crumbles to dust!
You feel strangely unstable! The death yak butts you!!!
You block the death yak's attack!
The death yak gores you! * * * don't die
* * * Unknown command!
You block the death yak's attack!
The death yak butts you!!! * * * don't die
* * * The death yak completely misses you!
The dream butt ruffles its wool and motes of dream dust sparkle, to no effect!
The death yak gores you! * * * don't die
* * * Unknown command!
Your surroundings seem slightly different!
The dream sheep bleats!!!
The catoblepas bellows!!!
The dream sheep shake their wool and sparkle!
You butt drowsy!!!
You fall asleep!
The spiny frog completely misses you!
The spiny frog stings you!!!!!!!!! rip Xom chuckles heartily!!!

............#
............#
............#
..#.........#
............#
......#....##
### #
.....#.#...#
##.P# #.#
......######
##...#Ys..
......##
##.@..Y....
.......#
#.YFH#.....
.......##
#.Y....#...
........###
##wY#.#.# #
..........#
#...#...#
........#.#
#...#...!###
.........##
#.ยง.#...##.##
..........#
##..#####P..#
........###
#P.....#...##


You could see 2 death yaks, a catoblepas, a torpor snail, a wolf spider
(wandering), a manticore, a spiny frog and 2 dream sheep.

Vanquished Creatures
  Gastronok (Lair:1)
  Erolcha (D:11)
  4 hydras
  3 two-headed ogres
  Urug (Lair:5)
  Nergalle (Lair:2)
  2 fire crabs (Lair:3)
  Pikel (D:4)
  A deep elf mage (D:11)
  A wolf spider (Lair:6)
  2 ugly things (D:11)
  2 cyclopes (D:11)
  13 elephants
  5 black mambas
  13 spiny frogs
  The ghost of vishdafish the Slasher, a novice DsGl of Yredelemnul (D:6)
  A rime drake (Lair:5)
  10 komodo dragons
  2 trolls (D:11)
  The ghost of varam the Charmwright, an amateur GnSk of Makhleb (D:5)
  2 slime creatures (Lair:6)
  17 blink frogs
  10 dream sheep (Lair:6)
  4 hippogriffs
  A wraith (D:10)
  31 yaks
  2 basilisks
  A hungry ghost (D:9)
  2 porcupines
  8 water moccasins
  A sky beast (D:10)
  6 orc warriors
  3 ice beasts
  The ghost of MacroTabsAreStupid the Shield-Bearer, an amateur DDFi (D:3)
  A phantom (D:9)
  3 black bears
  22 wolves
  6 ogres
  2 centaurs (D:9)
  16 crocodiles
  A big kobold (D:8)
  12 bullfrogs
  A wyvern skeleton (D:4)
  3 scorpions
  A water moccasin skeleton (D:11)
  9 killer bees
  5 wights (D:6)
  2 electric eels (Lair:4)
  6 crimson imps
  A centaur zombie (D:7)
  6 orc priests
  9 hounds
  7 orc wizards
  Crazy Yiuf (D:4)
  5 jellies
  A bullfrog skeleton (D:11)
  2 centaur skeletons
  3 gnoll shamans
  Terence (D:3)
  9 worker ants
  A killer bee zombie (D:8)
  A hound zombie (D:8)
  A hound skeleton (D:5)
  A worker ant zombie (D:11)
  15 adders
  22 gnolls
  A river rat (D:6)
  2 shadow imps (D:5)
  An ooze (D:3)
  2 adder zombies
  2 adder skeletons
  3 worms
  2 dart slugs
  7 leopard geckos
  30 orcs
  13 giant cockroaches
  6 goblins
  9 hobgoblins
  5 jackals
  6 kobolds
  6 quokkas
  8 ball pythons
  6 bats
  2 frilled lizards
  A leopard gecko skeleton (D:4)
  A leopard gecko zombie (D:5)
  8 rats
  A butterfly (Lair:6)
  2 plants (Lair:4)
455 creatures vanquished.

Vanquished Creatures (collateral kills)
  An orc warrior (D:10)
  A crimson imp (D:8)
  2 gnolls (D:8)
  4 orcs (D:10)
8 creatures vanquished.

Vanquished Creatures (others)
  A bullfrog (Lair:6)
  A gnoll (D:8)
  4 fungi (Lair:6)
  A plant (Lair:4)
7 creatures vanquished.

Grand Total: 470 creatures vanquished

Notes
Turn   | Place    | Note
-------+----------+-------------------------------------------
     0 | D:1      | Gorglomux the Troll Chaos Knight began the quest for the Orb.
     0 | D:1      | Reached XP level 1. HP: 22/22 MP: 0/0
   144 | D:1      | Fell from the grace of Xom
   261 | D:1      | Reached XP level 2. HP: 27/29 MP: 1/1
   411 | D:1      | Reached skill level 3 in Fighting
   489 | D:1      | Reached XP level 3. HP: 36/37 MP: 2/2
   657 | D:1      | XOM: scenery: create altars
  1112 | D:3      | Reached skill level 4 in Unarmed Combat
  1186 | D:3      | Noticed Terence
  1198 | D:3      | Killed Terence
  1198 | D:3      | Reached XP level 4. HP: 37/45 MP: 3/3
  1256 | D:3      | Noticed MacroTabsAreStupid's ghost (amateur DDFi)
  1303 | D:3      | Killed MacroTabsAreStupid's ghost
  1303 | D:3      | Reached XP level 5. HP: 33/54 MP: 4/4
  1639 | D:3      | Found a blossoming altar of Fedhas.
  1644 | D:3      | XOM: give mutations
  1644 | D:3      | Gained mutation: Your muscles are strong. (Str +2) [Xom's grace]
  1644 | D:3      | Gained mutation: You are somewhat resistant to further mutation. [Xom's grace]
  1644 | D:3      | Gained mutation: You are partially covered in large bone plates. (SH +4) [Xom's grace]
  1644 | D:3      | Gained mutation: You are partially covered in slimy green scales. (AC +2) [Xom's grace]
  1693 | D:4      | Reached skill level 5 in Unarmed Combat
  1705 | D:4      | Reached XP level 6. HP: 43/63 MP: 5/5
  1825 | D:4      | Noticed a slave
  1826 | D:4      | Noticed Pikel
  1827 | D:4      | Noticed a slave
  1827 | D:4      | Noticed a slave
  1828 | D:4      | Noticed a slave
  1839 | D:4      | Killed Pikel
  1839 | D:4      | Reached skill level 6 in Unarmed Combat
  1839 | D:4      | Reached XP level 7. HP: 71/72 MP: 6/6
  2066 | D:4      | Found a runed door.
  2343 | D:4      | Noticed Crazy Yiuf
  2351 | D:4      | Killed Crazy Yiuf
  2351 | D:4      | Reached skill level 7 in Unarmed Combat
  2373 | D:5      | Entered Level 5 of the Dungeon
  2520 | D:5      | Noticed varam's ghost (amateur GnSk)
  2529 | D:5      | Killed varam's ghost
  2529 | D:5      | Reached skill level 6 in Fighting
  2529 | D:5      | Reached XP level 8. HP: 51/83 MP: 7/7
  2666 | D:5      | Found a white marble altar of Elyvilon.
  2699 | D:5      | Became a worshipper of Elyvilon the Healer
  2802 | D:5      | Reached skill level 8 in Unarmed Combat
  2927 | D:5      | XOM: enchant monster (bad)
  3018 | D:5      | Found a bloodstained altar of Trog.
  3240 | D:5      | Found a glowing silver altar of Zin.
  3259 | D:5      | XOM: summons 14 hostile demons
  3472 | D:6      | Found a glowing golden altar of the Shining One.
  3478 | D:6      | Noticed vishdafish's ghost (novice DsGl)
  3479 | D:6      | Reached * piety under Elyvilon
  3487 | D:6      | Killed vishdafish's ghost
  3487 | D:6      | Reached skill level 9 in Unarmed Combat
  3487 | D:6      | Reached XP level 9. HP: 87/93 MP: 8/8
  3731 | D:6      | Noticed an angel
  3779 | D:6      | Found a basalt altar of Yredelemnul.
  3861 | D:6      | Found a staircase to the Ecumenical Temple.
  3878 | Temple   | XOM: noise
  3878 | Temple   | Entered the Ecumenical Temple
  3935 | Temple   | Reached ** piety under Elyvilon
  3996 | D:6      | Found an iron altar of Okawaru.
  4248 | D:7      | Found a stormy altar of Qazlal.
  4344 | D:7      | XOM: scenery: create altars
  4641 | D:7      | Reached *** piety under Elyvilon
  4713 | D:7      | XOM: cloud trail
  4739 | D:7      | Found a snail-covered altar of Cheibriados.
  4855 | D:7      | Fell from the grace of Elyvilon
  4855 | D:7      | Became a worshipper of Cheibriados the Contemplative
  4930 | D:8      | Reached skill level 10 in Unarmed Combat
  4957 | D:8      | Noticed a two-headed ogre
  4964 | D:8      | Killed a two-headed ogre
  5030 | D:8      | Reached * piety under Cheibriados
  5164 | D:8      | Reached skill level 9 in Fighting
  5207 | D:8      | Reached XP level 10. HP: 107/107 MP: 9/9
  5261 | D:8      | Reached ** piety under Cheibriados
  5313 | D:8      | Found an ancient bone altar of Kikubaaqudgha.
  5313 | D:8      | Found a sparkling altar of Nemelex Xobeh.
  5314 | D:8      | Found an ornate altar of the Wu Jian Council.
  5895 | D:9      | Reached skill level 11 in Unarmed Combat
  5909 | D:9      | Noticed a hand axe
  5909 | D:9      | Noticed a hand axe
  5910 | D:9      | Found a hide-covered altar of Uskayaw.
  6098 | D:9      | Reached *** piety under Cheibriados
  6338 | D:9      | XOM: medium Conj miscast
  6542 | D:10     | Entered Level 10 of the Dungeon
  6552 | D:10     | Noticed a two-headed ogre
  6556 | D:10     | Killed a two-headed ogre
  6614 | D:10     | Found a staircase to the Lair.
  6663 | D:10     | Found a portal to a secret trove of treasure.
  6709 | D:10     | Reached **** piety under Cheibriados
  6709 | D:10     | Reached skill level 12 in Unarmed Combat
  6768 | D:10     | Found a roughly hewn altar of Beogh.
  6803 | D:10     | Reached XP level 11. HP: 86/119 MP: 10/10
  6810 | D:10     | Found a staircase to the Orcish Mines.
  6963 | D:10     | XOM: noise
  6967 | D:10     | Found Osee's Gadget Emporium.
  6975 | D:10     | Bought a wand of iceblast (10) for 182 gold pieces
  7054 | D:11     | Noticed Erolcha
  7141 | D:11     | Reached ***** piety under Cheibriados
  7150 | D:11     | Reached skill level 1 in Evocations
  7207 | D:11     | XOM: mild Ice miscast
  7313 | D:11     | Noticed an eight-headed hydra
  7319 | D:11     | Noticed a brown ugly thing
  7319 | D:11     | Killed a nine-headed hydra
  7329 | D:11     | Killed a brown ugly thing
  7329 | D:11     | Reached skill level 3 in Evocations
  7331 | D:11     | XOM: 2-stop teleportation journey
  7375 | D:11     | Found Istral's Jewellery Emporium.
  7378 | D:11     | Bought an uncursed ring of protection from magic for 325 gold pieces
  7389 | D:11     | Noticed a brown ugly thing
  7395 | D:11     | Killed a brown ugly thing
  7612 | D:11     | XOM: mild Hex miscast
  7659 | D:11     | XOM: mild Erth miscast
  7783 | D:11     | Noticed a two-headed ogre
  7787 | D:11     | Killed a two-headed ogre
  7866 | D:11     | Reached skill level 3 in Dodging
  7939 | D:11     | Noticed a deep elf mage
  7944 | D:11     | Killed a deep elf mage
  8054 | D:11     | XOM: summons 14 hostile demons
  8172 | D:11     | XOM: medium Hex miscast
  8184 | D:11     | Killed Erolcha
  8374 | D:11     | XOM: medium Fire miscast
  8399 | Lair:1   | Entered Level 1 of the Lair of Beasts
  8493 | D:10     | XOM: medium Ice miscast
  8625 | Lair:1   | Noticed Gastronok
  8635 | Lair:1   | Killed Gastronok
  8635 | Lair:1   | Reached skill level 1 in Armour
  8635 | Lair:1   | Reached skill level 13 in Unarmed Combat
  8635 | Lair:1   | Reached XP level 12. HP: 94/130 MP: 14/14
  8636 | Lair:1   | XOM: give mutations
  8636 | Lair:1   | Gained mutation: You are resistant to hostile enchantments. (MR+) [Xom's grace]
  8636 | Lair:1   | Gained mutation: Your flesh is cold resistant. (rC+) [Xom's grace]
  8689 | Lair:1   | Reached ****** piety under Cheibriados
  8740 | Lair:1   | XOM: give mutations
  8740 | Lair:1   | Lost mutation: You are partially covered in large bone plates. (SH +4) [Xom's mischief]
  8740 | Lair:1   | Lost mutation: Your muscles are strong. (Str +2) [Xom's mischief]
  8955 | Lair:1   | XOM: mild Fire miscast
  8996 | Lair:1   | Reached skill level 3 in Armour
  9530 | Lair:1   | XOM: medium Tmut miscast
  9589 | Lair:1   | XOM: summons 8 hostile demons
  9673 | Lair:2   | Reached skill level 1 in Invocations
  9706 | Lair:2   | XOM: blink monster(s)
  9706 | Lair:2   | Was forgiven by Xom
  9713 | Lair:2   | Reached skill level 1 in Shields
  9799 | Lair:2   | Learned a level 2 spell: Blink
  9852 | Lair:2   | Noticed Nergalle
  9859 | Lair:2   | Killed Nergalle
 10537 | Lair:3   | Reached skill level 3 in Invocations
 10595 | Lair:3   | Reached skill level 3 in Shields
 10841 | Lair:3   | Reached XP level 13. HP: 53/137 MP: 15/15
 11254 | Lair:3   | Found a runed door.
 11601 | Lair:3   | Noticed an entropy weaver
 11661 | Lair:4   | Found a hole to the Spider Nest.
 12019 | Lair:4   | Found a staircase to the Swamp.
 12413 | Lair:5   | Reached skill level 6 in Invocations
 12577 | Lair:5   | Noticed Urug
 12583 | Lair:5   | Killed Urug
 13122 | Lair:6   | Entered Level 6 of the Lair of Beasts
 13210 | Lair:6   | Reached skill level 6 in Shields
 13545 | Lair:6   | Found a staircase to the Slime Pits.
 14200 | Lair:6   | Reached XP level 14. HP: 127/146 MP: 19/19
 14266 | Lair:6   | Annihilated by a spiny frog

Vault maps used:
D:1:      saegor_arrival_miasma, minmay_split_cup_large
D:3:      fedhas_altar_4, first_ration, st_stairs_9, kennysheep_generic_room_16,
          uniq_terence
D:4:      hangedman_feature_mirror, uniq_pikel, uniq_crazy_yiuf_cottage
D:5:      nicolae_overflow_crystal_walls, bloody_trog,
          lemuel_coloured_pillars_altar, minmay_misc_feat_diagonals
D:6:      grunt_temple_overflow_holy_war, lemuel_doored_altar, temple_statues,
          portal_sewer_entry_e, hex_large
D:7:      nicolae_qazlal_style_of_elements, kennysheep_mini_moat
D:8:      gammafunk_temple_overflow_claw
D:9:      dancing_weapons_uskayaw
D:10:     lair_entry_dummy, david_orc_5, enter_trove_2, serial_shops,
          nicolae_shop_temple_entry_statues_fountains
D:11:     serial_shops, nicolae_shop_behind_doors, uniq_erolcha
D:12:     uniq_harold
Temple:   kb_temple_of_zot
Lair:1:   grunt_megastairs_5, infiniplex_staircase_pool, uniq_gastronok
Lair:2:   uniq_nergalle
Lair:3:   gammafunk_mikee_crab_dinner
Lair:4:   swamp_mist_pool, dummy_spider_entry, nicolae_quartered_pool_little,
          serial_bayou_shore_b, lemuel_fruit_fields, minmay_lair_oklob_chamber,
          grunt_megastairs_4
Lair:5:   serial_bayou_shore_b, uniq_urug
Lair:6:   hangedman_lair_in_review, minmay_slime_entry_pillars,
          lemuel_old_faithful, grunt_megastairs_2, lemuel_fruit_fields

Skill      XL: |  1  2  3  4  5  6  7  8  9 10 11 12 13 14 |
---------------+-------------------------------------------+-----
Fighting       | 3 4 5 6 7 9 10 11 | 11.5
Unarmed Combat | 4 5 6 7 9 10 12 13 | 13.4
Evocations     | 4 |  4.0
Dodging        | 4 |  4.3
Armour         | 1 4 |  4.0
Invocations    | 4 8 |  8.8
Shields        | 4 7 8 |  8.0

Action                   |  1- 3 |  4- 6 |  7- 9 | 10-12 | 13-15 || total
-------------------------+-------+-------+-------+-------+-------++-------
Melee: Unarmed           |   134 |    80 |   373 |   540 |   333 ||  1460
       Punch             |     1 |     6 |     8 |    32 |       ||    47
Throw: Throwing net      |       |       |       |       |     1 ||     1
 Cast: Blink             |       |       |       |       |     1 ||     1
Invok: Renounce Religion |     1 |       |       |       |       ||     1
Evoke: Wand              |       |       |     5 |     9 |    20 ||    34
  Use: Scroll            |       |       |     3 |     5 |    17 ||    25
 Stab: Sleeping          |     1 |       |     1 |     3 |     1 ||     6
       Distracted        |       |       |       |     1 |       ||     1
       Paralysed         |       |       |       |     4 |       ||     4
  Eat: Chunk             |    16 |     6 |    31 |    38 |    25 ||   116
Armor: Robe              |    61 |    31 |   208 |    63 |       ||   363
       Troll leather arm |       |       |       |    90 |   117 ||   207
Dodge: Dodged            |    74 |    39 |   263 |   379 |   141 ||   896
Block: Other             |       |     8 |    79 |    69 |       ||   156
       Shield            |       |       |       |   105 |   218 ||   323

Table legend:
 A = Spawn XP
 B = Non-spawn XP
 C = Spawn XP percentage of total XP
 D = Spawn monster count
 E = Non-spawn monster count
 F = Spawn count percentage of total count
 G = Total turns spent on level
                    A         B        C        D         E        F      G
               +---------+---------+-------+---------+---------+-------+---------
         Total |       0 |   65972 |   0.0 |       0 |     460 |   0.0 | 14266
               +---------+---------+-------+---------+---------+-------+---------
           D:1 |       0 |      46 |   0.0 |       0 |      24 |   0.0 |   668
           D:2 |       0 |      28 |   0.0 |       0 |       7 |   0.0 |   407
           D:3 |       0 |     209 |   0.0 |       0 |      24 |   0.0 |   609
           D:4 |       0 |    1022 |   0.0 |       0 |      16 |   0.0 |   689
           D:5 |       0 |    1106 |   0.0 |       0 |      39 |   0.0 |  1046
           D:6 |       0 |    1325 |   0.0 |       0 |      35 |   0.0 |   663
           D:7 |       0 |     287 |   0.0 |       0 |      11 |   0.0 |   708
           D:8 |       0 |    2412 |   0.0 |       0 |      37 |   0.0 |   952
           D:9 |       0 |    2413 |   0.0 |       0 |      29 |   0.0 |   700
          D:10 |       0 |    3207 |   0.0 |       0 |      37 |   0.0 |   631
          D:11 |       0 |    7658 |   0.0 |       0 |      36 |   0.0 |  1307
        Lair:1 |       0 |    8296 |   0.0 |       0 |      28 |   0.0 |  1163
        Lair:2 |       0 |    4569 |   0.0 |       0 |      16 |   0.0 |   889
        Lair:3 |       0 |    8979 |   0.0 |       0 |      32 |   0.0 |  1082
        Lair:4 |       0 |    1437 |   0.0 |       0 |       8 |   0.0 |   748
        Lair:5 |       0 |    3276 |   0.0 |       0 |       7 |   0.0 |   758
        Lair:6 |       0 |   19702 |   0.0 |       0 |      74 |   0.0 |  1144
               +---------+---------+-------+---------+---------+-------+---------
